 Dungeon Crawl Stone Soup version 0.26.1-10-gdfb7c7de75 (webtiles) character file.

Game seed: 4173484679635587012

90 Almogavar the Grasshopper (level 4, -2/38 HPs)
             Began as a Gnoll Wanderer on Apr 1, 2021.
             Slain by Crazy Yiuf
             ... wielding a +2 quarterstaff of chaos
              (3 damage)
             ... on level 3 of the Dungeon.
             The game lasted 00:09:31 (3516 turns).

Almogavar the Grasshopper (Gnoll Wanderer)          Turns: 3516, Time: 00:09:32

Health: -2/38      AC:  5    Str: 15    XL:     4   Next: 56%
Magic:  18/20      EV: 11    Int: 16    God:
Gold:   188        SH:  0    Dex: 13    Spells: 10/13 levels left

rFire    . . .     SeeInvis .   a - +0 mace
rCold    . . .     Faith    .   (no shield)
rNeg     . . .     Spirit   .   b - +0 ring mail
rPois    .         Reflect  .   (no helmet)
rElec    .         Harm     .   (no cloak)
rCorr    .         Rampage  .   (no gloves)
Will     .....                  (no boots)
Stlth    ++........             (no amulet)
HPRegen  0.12/turn              h - ring of stealth
MPRegen  0.17/turn              m - ring of magical power

@: no status effects
A: distributed training, fangs 1, strong nose
a: no special abilities


You were on level 3 of the Dungeon.
You visited 1 branch of the dungeon, and saw 3 of its levels.

You collected 188 gold pieces.

Inventory:

Hand Weapons
 a - a +0 mace (weapon)
Armour
 b - a +0 ring mail (worn)
Jewellery
 h - a ring of stealth (left hand)
 m - a ring of magical power (right hand)
Scrolls
 d - 4 scrolls of magic mapping {unknown}
 f - a scroll of enchant armour {unknown}
 g - a scroll of fear
 k - 3 scrolls of noise {unknown}
Potions
 c - 4 potions of curing
 e - 2 potions of brilliance
 i - 2 potions of attraction {unknown}
 j - 2 potions of flight {unknown}
 l - a potion of haste {unknown}
 n - a potion of berserk rage {unknown}


   Skills:
 + Level 4.6 Fighting
 + Level 1.2 Short Blades
 + Level 1.2 Long Blades
 + Level 1.2 Axes
 + Level 1.2 Maces & Flails
 + Level 1.2 Polearms
 + Level 1.2 Staves
 + Level 1.2 Slings
 + Level 1.2 Bows
 + Level 1.2 Crossbows
 + Level 1.2 Throwing
 + Level 2.8 Armour
 + Level 1.2 Dodging
 + Level 2.6 Stealth
 + Level 2.8 Shields
 + Level 1.2 Unarmed Combat
 + Level 5.1 Spellcasting
 + Level 1.0 Conjurations
 + Level 1.0 Hexes
 + Level 1.0 Summonings
 + Level 1.0 Necromancy
 + Level 5.5 Translocations
 + Level 1.0 Transmutations
 + Level 1.0 Fire Magic
 + Level 1.0 Ice Magic
 + Level 1.0 Air Magic
 + Level 1.0 Earth Magic
 + Level 1.0 Poison Magic
 + Level 1.3 Invocations
 + Level 1.2 Evocations


You had 10 spell levels left.
You knew the following spells:

 Your Spells              Type           Power        Failure   Level
a - Magic Dart            Conj           28%          19%         1
b - Blink                 Tloc           N/A          4%          2

Your spell library contained the following spells:

 Spells                   Type           Power        Failure   Level
 Call Imp                 Summ           7%           28%         2
 Slow                     Hex            7%           28%         2
 Conjure Flame            Conj/Fire      7%           50%         3
 Mephitic Cloud           Conj/Pois/Air  7%           50%         3


Dungeon Overview and Level Annotations

Branches:
Dungeon (3/15)

Altars:
Qazlal
Zin
The Shining One

Shops:
D:2 *

Annotations:
D:3 2 transporters, Crazy Yiuf; wpisznazwe's ghost, amateur DsGl


Innate Abilities, Weirdness & Mutations

Your experience applies equally to all skills.
You have very sharp teeth.
Your uncanny sense of smell can sniff out nearby items.


Message History

Confirm with . or Enter, or press ? or * to list all spells.
Aiming: Magic Dart (safe; 19% risk of failure)
Press: ? - help, Shift-Dir - straight line, f/p - Crazy Yiuf
Aim: Crazy Yiuf, wielding a +2 quarterstaff of chaos and wearing a +0 cloak (0% to evade)
The magic dart hits Crazy Yiuf.
Crazy Yiuf is lightly wounded.
You hit Crazy Yiuf.
Crazy Yiuf is moderately wounded.
Crazy Yiuf hits you with a +2 quarterstaff of chaos!
Crazy Yiuf burns you.
You closely miss Crazy Yiuf.
Crazy Yiuf is moderately wounded.
Crazy Yiuf hits you with a +2 quarterstaff of chaos!
* * * LOW HITPOINT WARNING * * *
You are electrocuted!
* * * LOW HITPOINT WARNING * * *
You closely miss Crazy Yiuf.
Crazy Yiuf is moderately wounded.
Crazy Yiuf hits you with a +2 quarterstaff of chaos.
You die...

#............###........#g
############## #...##.#.#.
##......#.#. #####
#....####.#© #)..#
###..####.## #...#
#.<......# ...
###.######.. #g# #...# ###
♣@♣♣ #.### ♣♣.♣ #.# ♣.♣♣
#.# ♣♣.♣ #.# ♣♣.♣♣ #.#
♣♣...♣ #.# ♣....♣ #.#
#....# #.# #....###.#


You could see Crazy Yiuf.

Vanquished Creatures
  3 adders (D:2)
  An ooze (D:3)
  2 worms
  2 dart slugs
  A leopard gecko (D:3)
  2 ball pythons
  3 giant cockroaches
  6 goblins
  4 hobgoblins
  3 jackals (D:3)
  5 kobolds
  A quokka (D:3)
  5 bats
  4 frilled lizards
  7 rats
49 creatures vanquished.

Notes
Turn   | Place    | Note
-------+----------+-------------------------------------------
     0 | D:1      | Almogavar the Gnoll Wanderer began the quest for the Orb.
     0 | D:1      | Almogavar set off with the following items: a +0 mace, a
                  | potion of curing, a +0 robe; and the following spell
                  | memorised: Magic Dart; and the following spells available
                  | to memorise: Blink, Call Imp, Slow, Conjure Flame, Mephitic
                  | Cloud
     0 | D:1      | Reached XP level 1. HP: 20/20 MP: 6/6
   240 | D:1      | Reached XP level 2. HP: 26/26 MP: 1/7
   243 | D:1      | Learned a level 2 spell: Blink
  1055 | D:2      | Reached skill level 5 in Spellcasting
  1055 | D:2      | Reached XP level 3. HP: 26/31 MP: 6/9
  1589 | D:2      | Reached skill level 1 in Invocations
  1632 | D:2      | Found Zin's Purification Station.
  1663 | D:2      | Found a glowing silver altar of Zin.
  1957 | D:2      | Found a glowing golden altar of the Shining One.
  2060 | D:2      | Reached skill level 1 in Short Blades
  2060 | D:2      | Reached skill level 1 in Long Blades
  2060 | D:2      | Reached skill level 1 in Axes
  2060 | D:2      | Reached skill level 1 in Maces & Flails
  2060 | D:2      | Reached skill level 1 in Polearms
  2060 | D:2      | Reached skill level 1 in Staves
  2060 | D:2      | Reached skill level 1 in Slings
  2060 | D:2      | Reached skill level 1 in Bows
  2060 | D:2      | Reached skill level 1 in Crossbows
  2060 | D:2      | Reached skill level 1 in Throwing
  2060 | D:2      | Reached skill level 1 in Dodging
  2060 | D:2      | Reached skill level 1 in Unarmed Combat
  2060 | D:2      | Reached skill level 1 in Evocations
  2161 | D:2      | Found a stormy altar of Qazlal.
  2300 | D:2      | Reached XP level 4. HP: 38/38 MP: 4/11
  2668 | D:3      | Found a transporter.
  2668 | D:3      | Noticed wpisznazwe's ghost (amateur DsGl)
  2669 | D:3      | Found a transporter.
  3341 | D:3      | Reached skill level 1 in Conjurations
  3341 | D:3      | Reached skill level 1 in Hexes
  3341 | D:3      | Reached skill level 1 in Summonings
  3341 | D:3      | Reached skill level 1 in Necromancy
  3341 | D:3      | Reached skill level 1 in Transmutations
  3341 | D:3      | Reached skill level 1 in Fire Magic
  3341 | D:3      | Reached skill level 1 in Ice Magic
  3341 | D:3      | Reached skill level 1 in Air Magic
  3341 | D:3      | Reached skill level 1 in Earth Magic
  3341 | D:3      | Reached skill level 1 in Poison Magic
  3506 | D:3      | Found a runed translucent door.
  3507 | D:3      | Noticed Crazy Yiuf
  3515 | D:3      | HP: 1/38 [Crazy Yiuf/+2 quarterstaff of chaos (8)]
  3516 | D:3      | Slain by Crazy Yiuf

Illustrated notes

Levels and vault maps discovered:
D:1:      dpeg_arrival_rooms_c, layout_basic
D:2:      layout_loops_ring, lemuel_crystal_altar, tso_oasis_becter, zin_purify
D:3:      layout_loops_ring, gammafunk_ghost_arena, uniq_crazy_yiuf_cottage

Skill      XL: |  1  2  3  4 |
---------------+-------------+-----
Spellcasting   | 5 |  5.1
Invocations    | 1 |  1.3
Short Blades   | 1 |  1.2
Long Blades    | 1 |  1.2
Axes           | 1 |  1.2
Maces & Flails | 1 |  1.2
Polearms       | 1 |  1.2
Staves         | 1 |  1.2
Slings         | 1 |  1.2
Bows           | 1 |  1.2
Crossbows      | 1 |  1.2
Throwing       | 1 |  1.2
Dodging        | 1 |  1.2
Unarmed Combat | 1 |  1.2
Evocations     | 1 |  1.2
Conjurations   | 1 |  1.0
Hexes          | 1 |  1.0
Summonings     | 1 |  1.0
Necromancy     | 1 |  1.0
Transmutations | 1 |  1.0
Fire Magic     | 1 |  1.0
Ice Magic      | 1 |  1.0
Air Magic      | 1 |  1.0
Earth Magic    | 1 |  1.0
Poison Magic   | 1 |  1.0
Fighting       | |  4.6
Armour         | |  2.8
Stealth        | |  2.6
Shields        | |  2.8
Translocations | |  5.5

Action                   |  1- 3 |  4- 6 || total
-------------------------+-------+-------++-------
Melee: Mace              |    35 |    26 ||    61
       Bite              |     6 |     2 ||     8
 Cast: Magic Dart        |    79 |    24 ||   103
       Blink             |     2 |       ||     2
  Use: Scroll            |     1 |     1 ||     2
Armor: Robe              |    18 |       ||    18
       Ring mail         |       |     6 ||     6
Dodge: Dodged            |    20 |    10 ||    30
